 Dungeon Crawl Stone Soup version 0.26.1-11-gd32895ea62 (webtiles) character file.

Game seed: 6207030655907834161

107 bigdumb the Chiller (level 4, -1/36 HPs)
             Began as a Demigod Wanderer on July 5, 2021.
             Slain by a hobgoblin (3 damage)
             ... on level 3 of the Dungeon.
             The game lasted 00:04:21 (3858 turns).

bigdumb the Chiller (Demigod Wanderer)              Turns: 3858, Time: 00:04:22

Health: -1/36      AC:  7    Str: 18    XL:     4   Next: 32%
Magic:  9/9        EV: 11    Int: 14    God:
Gold:   128        SH:  0    Dex: 16    Spells: 7/7 levels left

rFire    . . .     SeeInvis .   a - +2 falchion
rCold    + . .     Faith    .   (no shield)
rNeg     . . .     Spirit   .   o - +2 leather armour {rC+}
rPois    .         Reflect  .   p - +0 helmet
rElec    .         Harm     .   (no cloak)
rCorr    .         Rampage  .   g - +0 pair of gloves
Will     .....                  (no boots)
Stlth    ++........             (no amulet)
HPRegen  0.12/turn              (no ring)
MPRegen  0.11/turn              (no ring)

@: no status effects
A: high mp 1
a: no special abilities


You were on level 3 of the Dungeon.
You visited 1 branch of the dungeon, and saw 3 of its levels.

You collected 128 gold pieces.

Inventory:

Hand Weapons
 a - a +2 falchion (weapon)
 b - a +0 short sword
 e - a +0 dagger
 i - a +0 short sword
 q - a +0 rapier
Armour
 d - a +0 robe
 g - a +0 pair of gloves (worn)
 j - a +0 ring mail
 k - a +0 scale mail
 o - a +2 leather armour of cold resistance (worn)
 p - a +0 helmet (worn)
Scrolls
 f - 3 scrolls of identify {unknown}
 h - 3 scrolls of remove curse {unknown}
 l - a scroll of random uselessness {unknown}
 m - 2 scrolls of amnesia {unknown}
 n - a scroll of enchant weapon {unknown}
Potions
 c - a potion of haste {unknown}


   Skills:
 * Level 1.8 Fighting
 + Level 2.2 Long Blades
 * Level 0.8 Armour
 * Level 1.0 Dodging
 - Level 2.2 Stealth
 - Level 1.0 Shields
 - Level 2.1 Spellcasting
 + Level 3.1 Ice Magic


You had 7 spell levels left.
You didn't know any spells.
Your spell library was empty.

Dungeon Overview and Level Annotations

Branches:
Dungeon (3/15)


Innate Abilities, Weirdness & Mutations

You have an increased reservoir of magic. (+10% MP)


Message History

Deactivating autopickup; reactivate with Ctrl-A.
You closely miss something.
You hear some strange, mumbled words.
A puff of flame appears from out of thin air!
The puff of flame hits you. The hobgoblin completely misses you.
You miss something. Something hits you but does no damage.
The hobgoblin hits you but does no damage.
Something hits you but does no damage.
You closely miss something. Something hits you.
* * * LOW HITPOINT WARNING * * *
The hobgoblin hits you.
* * * LOW HITPOINT WARNING * * *
Something hits you but does no damage.
You miss something.
You hear some strange, mumbled words.
A magic dart appears from out of thin air!
The magic dart hits you.
* * * LOW HITPOINT WARNING * * *
The hobgoblin hits you.
You die...

#.#
#..##...########
# #.#
..............#
#>#
.#............#
#.#
.....##.#.#####
#.# ###.# #.#.#
#.# #. #...## #
#†#..#
..##.##)#..####
.....og@.......
..#..o#{#......
#...#.#...###
#... ... ....
#... ... .####
#.. ..... # #..
..... .......


You could see 2 orcs and a hobgoblin.

Vanquished Creatures
  Terence (D:2)
  An adder (D:3)
  3 worms
  2 dart slugs
  A leopard gecko (D:3)
  6 bats
  A giant cockroach (D:1)
  5 goblins
  10 hobgoblins
  7 jackals
  A ball python (D:2)
  A frilled lizard (D:1)
  11 kobolds
  7 rats
57 creatures vanquished.

Notes
Turn   | Place    | Note
-------+----------+-------------------------------------------
     0 | D:1      | bigdumb the Demigod Wanderer began the quest for the Orb.
     0 | D:1      | bigdumb set off with the following items: a +2 falchion, a
                  | +0 short sword, a potion of lignification, a +0 robe, a +0
                  | dagger
     0 | D:1      | Reached XP level 1. HP: 16/16 MP: 5/5
   567 | D:1      | Reached XP level 2. HP: 23/23 MP: 7/7
   592 | D:1      | Reached skill level 3 in Ice Magic
   863 | D:1      | HP: 1/23 [kobold/+0 short sword (8)]
  1963 | D:1      | Reached XP level 3. HP: 28/28 MP: 8/8
  2384 | D:2      | Found a broken altar of Ashenzari.
  2653 | D:2      | Found a sparkling altar of Nemelex Xobeh.
  2796 | D:2      | Found an iron altar of Okawaru.
  2796 | D:2      | Noticed Terence
  2808 | D:2      | Killed Terence
  3558 | D:3      | Reached XP level 4. HP: 32/35 MP: 9/9
  3682 | D:3      | Reached skill level 1 in Dodging
  3858 | D:3      | Slain by a hobgoblin

Illustrated notes

Levels and vault maps discovered:
D:1:      scummos_arrival_star, layout_loops_corners, grunt_decor_arrowhead
D:2:      layout_loops_ring, nemelex_xobeh_ov_fountains_minmay,
          nicolae_overflow_crystal_walls, okawaru_metal_pillars_3, uniq_terence
D:3:      layout_rooms, lemuel_zombie_altar_kikubaaqudgha,
          biasface_ghost_orc_armoury

Skill      XL: |  1  2  3  4 |
---------------+-------------+-----
Stealth        | 2 |  2.2
Ice Magic      | 3 |  3.1
Spellcasting   | 2 |  2.1
Long Blades    | 2 |  2.2
Dodging        | 1 |  1.0
Fighting       | |  1.8
Armour         | |  0.8
Shields        | |  1.0

Action                   |  1- 3 |  4- 6 || total
-------------------------+-------+-------++-------
Melee: Falchion          |   112 |    45 ||   157
  Use: Potion            |     1 |       ||     1
 Stab: Sleeping          |     6 |       ||     6
Armor: Robe              |    17 |       ||    17
       Skin              |     1 |       ||     1
       Scale mail        |     6 |       ||     6
       Leather armour    |     3 |    32 ||    35
       Ring mail         |     2 |       ||     2
Dodge: Dodged            |    76 |    41 ||   117
       Rpst.: Falchion   |    22 |    12 ||    34
